AoeStats
← Gericault667

Nomad

510192170Analyzed
4v4 RM · 1d ago on Sep 29, 2026· 39m 34s· 8 players
Game mode
Random Map
Map size
231×231
Population
200
Speed
Normal
Resources
Standard
Victory
Conquest
Starting age
Dark Age
Ending age
Imperial Age
RankedLock teamsTeams togetherTeam positionsShared explorationLock speedFull tech treeHidden civsTurbo modeCheats
Victory
Defeat
🇵🇦 Persians · Panama
1355
+15
🇲🇽 Mapuche · Mexico
1341
+15
🇫🇷 Vietnamese · France
1299
+17
🇲🇽 Malay · Mexico
1273
+18
🇺🇸 Bengalis · United States
1366
-18
🇺🇸 Berbers · United States
1364
-18
🇧🇷 Poles · Brazil
1297
-15
🇦🇷 Spanish · Argentina
1268
-14
sgt peppers s
4:43 Loom
13:07 Feudal Age
17:55 Castle Age
16:59 Fletching
18:13 Double-Bit Axe
19:30 Padded Archer Armor
27:57 Bodkin Arrow
31:57 Ballistics
32:26 Leather Archer Armor
33:12 Wheelbarrow
34:14 Hand Cart
39:13 Imperial Age
39:41 Bow Saw
39:14 Horse Collar
39:27 Gold Mining
39:18 Elite Bolas Rider
40:06 Butalmapu
40:21 Conscription
Gericault667
4:32 Loom
14:43 Feudal Age
15:50 Double-Bit Axe
16:50 Wheelbarrow
16:20 Gold Mining
19:00 Castle Age
17:08 Stone Mining
17:44 Fletching
18:15 Padded Archer Armor
18:20 Town Watch
19:41 Bodkin Arrow
21:16 Hand Cart
22:47 Town Patrol
23:19 Bow Saw
30:03 Ballistics
30:02 Thumb Ring
30:15 Leather Archer Armor
34:04 Horse Collar
37:46 Imperial Age
40:08 Stone Shaft Mining
39:40 Heavy Plow
39:17 Elite Rattan Archer
iphonze
7:14 Loom
14:42 Feudal Age
15:11 Double-Bit Axe
18:14 Castle Age
19:04 Bow Saw
22:42 Fishing Lines
24:31 Wheelbarrow
23:58 Horse Collar
26:10 Heavy Plow
26:02 Gold Mining
26:03 Stone Mining
26:32 Hand Cart
27:27 Padded Archer Armor
27:23 Elite Skirmisher
30:05 Leather Archer Armor
30:57 Gold Shaft Mining
31:49 Fletching
34:43 Imperial Age
33:28 Scale Barding Armor
33:19 Bodkin Arrow
35:48 Chain Barding Armor
36:54 Conscription
36:44 Cavalier
38:27 Plate Barding Armor
38:03 Forging
37:58 Imperial Skirmisher
38:08 Savar
39:15 Husbandry
[GDL] ColimoteStudioS
3:02 Loom
14:10 Feudal Age
14:53 Double-Bit Axe
16:23 Forging
24:01 Castle Age
25:43 Fletching
30:43 Wheelbarrow
31:40 Horse Collar
35:37 Iron Casting
37:01 Town Watch
johnnyboy
5:00 Loom
14:33 Feudal Age
15:05 Double-Bit Axe
16:13 Fishing Lines
20:31 Castle Age
21:59 Medium Warships
21:51 Town Watch
26:22 Horse Collar
32:42 Wheelbarrow
40:00 Scale Barding Armor
40:08 Forging
GENGIS KHAN'T
11:02 Loom
15:40 Feudal Age
19:35 Castle Age
24:17 Double-Bit Axe
24:46 Padded Archer Armor
27:29 Fletching
32:58 Horse Collar
38:18 Bow Saw
38:33 Leather Archer Armor
38:29 Forging
38:55 Town Watch
39:46 Wheelbarrow
۞_KDZ_۞
13:54 Feudal Age
12:13 Loom
17:34 Castle Age
17:15 Fletching
17:22 Horse Collar
18:21 Wheelbarrow
17:33 Town Watch
18:25 Wheelbarrow
21:49 Double-Bit Axe
22:51 Bow Saw
23:19 Forging
23:43 Scale Mail Armor
26:28 Gold Mining
27:10 Heavy Plow
27:43 Stone Mining
wake
9:59 Loom
13:31 Feudal Age
17:13 Castle Age
15:56 Double-Bit Axe
16:48 Wheelbarrow
18:06 Bow Saw
17:41 Horse Collar
26:55 Bloodlines
28:35 Husbandry
29:19 Fletching
30:45 Bodkin Arrow
33:43 Hand Cart
37:44 Imperial Age
35:29 Scale Barding Armor
35:44 Forging
35:59 Heavy Plow
37:06 Chain Barding Armor
37:24 Ballistics
37:41 Iron Casting
37:33 Stone Mining
37:38 Gold Mining
37:46 Cavalier
39:02 Plate Barding Armor
38:51 Conscription
38:51 Supremacy
Connection lost

Rejoining the realm…

Still unreachable

The connection could not be restored.

Session expired

The server has moved on; the page needs a fresh start.